 Dungeon Crawl Stone Soup version 0.30.1 (webtiles) character file.

Game seed: 1609462545513683706

11248 booth the Destroyer (level 11, 0/74 HPs)
             Began as a Pale Draconian Conjurer on July 2, 2023.
             Was an Elder of Qazlal.
             Slain by a kobold brigand
             ... wielding a +1 whip of pain
              (1 damage)
             ... on level 10 of the Dungeon on July 4, 2023.
             The game lasted 01:52:52 (14344 turns).

booth the Destroyer (Pale Draconian Conjurer)      Turns: 14344, Time: 01:52:53

Health: 0/74       AC: 14    Str: 12    XL:     11   Next: 46%
Magic:  13/20      EV: 14    Int: 20    God:    Qazlal [****..]
Gold:   336        SH:  5    Dex: 12    Spells: 3/23 levels left

rFire   . . .        b - +0 hand axe (elec)
rCold   . . .        (no shield)
rNeg    . . .        (body armour unavailable)
rPois   .            (helmet restricted)
rElec   .            w - +0 cloak
rCorr   .            k - +0 pair of gloves
SInv    +            e - +0 pair of boots
Will    .....        h - amulet of regeneration
Stlth   +++          g - +4 ring of protection
HPRegen 1.12/turn    C - ring of Yteefo {Str+2 SInv Stlth+}
MPRegen 0.17/turn

%: repel missiles
@: lethally poisoned (0 -> -9), about to teleport
A: breathe steam, AC +7, unfitting armour, cold-blooded, steam resistance
a: Breathe Steam, Renounce Religion, Upheaval, Elemental Force


You were on level 10 of the Dungeon.
You worshipped Qazlal.
Qazlal was greatly pleased with you.
You visited 2 branches of the dungeon, and saw 11 of its levels.

You collected 491 gold pieces.
You spent 155 gold pieces at shops.

Inventory:

Hand Weapons
 b - a +0 hand axe of electrocution (weapon)
 u - a +1 dagger of venom
 v - a +2 dagger of holy wrath
 y - a +0 war axe
 H - a +0 mace
 I - a +4 flail
Missiles
 i - 16 poisoned darts
 q - 9 boomerangs (quivered)
 F - 2 javelins
 G - 7 curare-tipped darts
 N - 2 throwing nets
Armour
 e - a +0 pair of boots (worn)
 k - a +0 pair of gloves (worn)
 w - a +0 cloak (worn)
Jewellery
 g - a +4 ring of protection (left hand)
 h - an amulet of regeneration (around neck)
 C - the ring of Yteefo (right hand) {Str+2 SInv Stlth+}
   (You found it on level 7 of the Dungeon)

   [ring of see invisible]

   Str:       It affects your strength (+2).
   SInv:      It lets you see invisible.
   Stlth:     It makes you more stealthy.
 D - a ring of ice
Wands
 o - a wand of roots (11)
 x - a wand of flame (6)
 B - a wand of paralysis (21)
 M - a wand of acid (8)
Scrolls
 c - 3 scrolls of torment
 d - a scroll of summoning
 j - 2 scrolls of fear
 l - 5 scrolls of fog
 m - 3 scrolls of amnesia
 r - 3 scrolls of blinking
 t - a scroll of poison
 A - 2 scrolls of vulnerability
 L - 2 scrolls of magic mapping
 O - 3 scrolls of identify
Potions
 a - a potion of magic
 f - 4 potions of mutation
 n - 3 potions of flight
 p - 2 potions of attraction
 s - 2 potions of brilliance
 z - 2 potions of invisibility
 E - a potion of haste
 K - 2 potions of resistance
 P - a potion of lignification {unknown}


   Skills:
 + Level 5.4 Axes
 + Level 6.5 Dodging
 + Level 7.1 Stealth
 + Level 6.6 Spellcasting
 + Level 8.1 Conjurations
 + Level 5.7 Fire Magic
 + Level 7.5 Air Magic
 + Level 6.4 Invocations


You had 3 spell levels left.
You knew the following spells:

 Your Spells              Type           Power      Damage    Failure   Level
a - Magic Dart            Conj           100%       1d8       1%          1
b - Shock                 Conj/Air       100%       1d9       1%          1
c - Searing Ray           Conj           78%        2d7       1%          2
d - Dazzling Flash        Conj/Hex       44%        N/A       5%          3
e - Swiftness             Air            36%        N/A       1%          3
f - Airstrike             Air            18%        2d(3-19)  4%          4
g - Mephitic Cloud        Conj/Pois/Air  27%        N/A       3%          3
h - Ignite Poison         Fire/Tmut/Pois 14%        N/A       14%         3

Your spell library contained the following spells:

 Spells                   Type           Power      Damage    Failure   Level
 Static Discharge         Conj/Air       74%        2-6/arc   1%          2
 Poisonous Vapours        Pois/Air       42%        N/A       3%          2
 Apportation              Tloc           12%        N/A       10%         1
 Necrotise                Necr           24%        1d5       10%         1
 Summon Small Mammal      Summ           24%        N/A       10%         1
 Sticky Flame             Conj/Fire      34%        2d5       5%          4
 Fulminant Prism          Conj/Hex       11%        3d9       19%         4
 Iskenderun's Mystic Bla  Conj/Tloc      22%        2d6       19%         4
 Summon Lightning Spire   Summ/Air       21%        N/A       21%         4
 Freezing Cloud           Conj/Ice/Air   13%        6-21      32%         5
 Petrify                  Tmut/Erth      6%         N/A       69%         4
 Metabolic Englaciation   Hex/Ice        3%         N/A       95%         5
 Statue Form              Tmut/Erth      4%         N/A       100%        6
 Ignition                 Fire           14%        3d6       100%        8


Dungeon Overview and Level Annotations

Branches:
Dungeon (10/15)            Temple (1/1) D:6            Lair (0/5) D:10
    Orc: D:9-12

Altars:
Ashenzari
Cheibriados
Dithmenos
Elyvilon
Fedhas
Gozag
Hepliaklqana
Kikubaaqudgha
Makhleb
Nemelex Xobeh
Okawaru
Qazlal
Ru
Sif Muna
Trog
Uskayaw
Vehumet
Wu Jian
Xom
Yredelemnul
Zin
The Shining One

Shops:
D:4 *


Innate Abilities, Weirdness & Mutations

You can breathe blasts of scalding, opaque steam.
Your pale cyan-grey scales are hard. (AC +7)
You cannot fit into any form of body armour.
You are cold-blooded and may be slowed by cold attacks.
You are immune to the effects of steam.


Message History

The gnoll sergeant is engulfed in a thunderstorm.
The gnoll sergeant completely misses you.
The kobold brigand throws a poisoned dart.
The poisoned dart misses you.
The poisoned dart hits the kobold brigand.
The kobold brigand is poisoned.
The orc warrior closely misses you.
You feel sick. You block the orc warrior's attack.
You feel sick.
The kobold brigand is engulfed in blazing flames.
You kill the kobold brigand!
Qazlal accepts your kill.
You feel sick.
You are no longer poisoned.
You hear a shout!
An orc comes into view. It is wielding a +0 war axe.
The gnoll sergeant hits you with a +3 trident of venom.
You are poisoned.
The kobold brigand hits you with a +1 whip of pain.
The orc warrior closely misses you.
You closely miss the gnoll sergeant.
The gnoll sergeant is severely wounded.
You barely miss the kobold brigand.
You feel very sick.
The gnoll sergeant seems less confused.
The gnoll sergeant hits you with a +3 trident of venom!
* * * LOW HITPOINT WARNING * * *
You are lethally poisoned!
The kobold brigand completely misses you.
The orc warrior completely misses you.
An ogre comes into view. It is wielding a +0 giant spiked club.
Okay, then.
As you read the scroll of teleportation, it crumbles to dust.
You feel strangely unstable.
* * * LOW HITPOINT WARNING * * *
You feel very sick. The gnoll sergeant barely misses you.
The kobold brigand hits you with a +1 whip of pain.
* * * LOW HITPOINT WARNING * * *
You writhe in agony.
You die...

.............................# #.
..#............#######.#.....####
.####.....####.# O8#(#.....>###
...##.....###..# .#.#.......#.
##....###.##...# (.##........
###.## #.#....# #.#####..... #.#
##.....# #.# ###... ####.#
##.....#######.# #... .##.##
##.....☼.@g.)oO)# #...
.....###.........K....)## ####...
...#...........○go..)...###......
...####.............).#.....#....
#.####...............###.####..##
..##.................###.####.###
..#.................###.......# #
#..............###.###.###.#### #
##...........###.###.###.###.####


You could see an orc warrior, a kobold brigand, an ogre, 2 gnoll sergeants and
an orc.

Vanquished Creatures
  Erica (D:9)
  A tengu warrior (D:10)
  2 komodo dragons (D:10)
  Grinder (D:3)
  Prince Ribbit (D:5)
  Sigmund (D:6)
  2 shadows
  4 yaks (D:10)
  A wraith (D:10)
  4 vampire mosquitoes (D:10)
  3 steam dragons
  2 wyverns
  A basilisk (D:10)
  An acid dragon (D:10)
  A water moccasin (D:4)
  3 orc warriors
  5 black bears
  2 sky beasts (D:7)
  7 ogres
  5 ice beasts
  5 centaurs
  3 kobold brigands
  A phantom (D:5)
  3 bullfrogs
  2 gnoll sergeants (D:10)
  3 scorpions (D:5)
  8 wights
  5 killer bees
  4 howler monkeys
  A crimson imp (D:8)
  2 orc priests
  A gnoll bouda (D:4)
  A hound (D:5)
  A jelly (D:7)
  Crazy Yiuf (D:3)
  Jessica (D:2)
  6 iguanas
  Terence (D:3)
  3 sleepcaps
  Ijyb (D:5)
  Natasha (thrice) (D:2)
  10 orc wizards
  6 adders
  18 gnolls
  3 white imps
  2 ufetubi (D:5)
  3 worms
  3 dart slugs
  42 orcs
  4 bats
  7 endoplasms
  4 giant cockroaches
  8 hobgoblins
  2 jackals (D:2)
  9 kobolds
  2 quokkas
  7 ball pythons
  A frilled lizard (D:1)
  14 goblins
  5 rats
254 creatures vanquished.

Vanquished Creatures (collateral kills)
  A two-headed ogre (D:9)
  Psyche (D:8)
  A hornet (D:8)
  2 centaurs (D:7)
  A bullfrog (D:7)
  A wight (D:7)
  A howler monkey (D:7)
8 creatures vanquished.

Vanquished Creatures (others)
  An orc (D:8)
1 creature vanquished.

Grand Total: 263 creatures vanquished

Notes
Turn   | Place    | Note
-------+----------+-------------------------------------------
     0 | D:1      | booth the Draconian Conjurer began the quest for the Orb.
     0 | D:1      | Reached XP level 1. HP: 14/14 MP: 3/3
   328 | D:1      | Learned a level 1 spell: Shock
   335 | D:1      | Reached XP level 2. HP: 20/20 MP: 1/5
   338 | D:1      | Learned a level 2 spell: Searing Ray
   925 | D:2      | Noticed Natasha
  1084 | D:2      | Reached XP level 3. HP: 26/26 MP: 0/6
  1255 | D:2      | Killed Natasha
  1256 | D:2      | Reached skill level 1 in Air Magic
  1316 | D:2      | Noticed Natasha
  1458 | D:2      | Noticed Jessica
  1465 | D:2      | Killed Jessica
  1466 | D:2      | Reached XP level 4. HP: 33/33 MP: 3/7
  1470 | D:2      | Learned a level 3 spell: Dazzling Flash
  1774 | D:2      | Killed Natasha
  1794 | D:2      | Noticed Natasha
  1821 | D:2      | Killed Natasha
  1822 | D:2      | Reached XP level 5. HP: 38/38 MP: 5/9
  2324 | D:3      | Found a runed translucent door.
  2325 | D:3      | Noticed Crazy Yiuf
  2626 | D:3      | Noticed Terence
  2685 | D:3      | Killed Terence
  2931 | D:3      | Found a faded altar of an unknown god.
  2940 | D:3      | Noticed Grinder
  2972 | D:3      | Paralysed by Grinder for 2 turns
  3001 | D:3      | Paralysed by Grinder for 5 turns
  3006 | D:3      | Killed Grinder
  3007 | D:3      | Reached skill level 5 in Conjurations
  3007 | D:3      | Reached XP level 6. HP: 19/45 MP: 0/11
  3142 | D:3      | Prayed at the altar of an unknown god.
  3142 | D:3      | Became a worshipper of Qazlal Stormbringer
  3142 | D:3      | Reached * piety under Qazlal
  4285 | D:3      | Killed Crazy Yiuf
  4462 | D:4      | Reached ** piety under Qazlal
  4463 | D:4      | Your scales start taking on a pale cyan-grey colour.
  4463 | D:4      | Reached XP level 7. HP: 42/50 MP: 5/12
  4463 | D:4      | Gained mutation: You are immune to the effects of steam.
                  | [Pale Draconian growth]
  4467 | D:4      | Learned a level 3 spell: Swiftness
  5022 | D:4      | Found Caitaam's Assorted Antiques.
  5045 | D:4      | Reached skill level 1 in Invocations
  5230 | D:4      | Learned a level 4 spell: Airstrike
  5580 | D:5      | Entered Level 5 of the Dungeon
  5739 | D:5      | Noticed Prince Ribbit
  5759 | D:5      | Killed Prince Ribbit
  5760 | D:5      | Reached XP level 8. HP: 57/57 MP: 7/14
  5913 | D:5      | Reached skill level 1 in Axes
  6048 | D:5      | Noticed Ijyb
  6056 | D:5      | Killed Ijyb
  6244 | D:5      | Reached skill level 6 in Conjurations
  6317 | D:5      | Reached skill level 1 in Fire Magic
  6807 | D:5      | Reached skill level 5 in Stealth
  6885 | D:5      | Reached skill level 5 in Air Magic
  6964 | D:5      | Reached XP level 9. HP: 56/62 MP: 11/16
  7078 | D:5      | Reached *** piety under Qazlal
  7466 | D:5      | Reached skill level 5 in Spellcasting
  7861 | D:6      | Reached skill level 5 in Dodging
  8417 | D:4      | Bought an ivory ring for 155 gold pieces
  8639 | D:6      | Noticed Sigmund
  8649 | D:6      | Killed Sigmund
  8863 | D:6      | Found a staircase to the Ecumenical Temple.
  8904 | Temple   | Entered the Ecumenical Temple
  9448 | D:7      | Identified the ring of Yteefo {Str+2 SInv Stlth+}
  9659 | D:7      | Found an ornate altar of the Wu Jian Council.
  9741 | D:7      | Reached skill level 7 in Conjurations
  9860 | D:7      | Reached XP level 10. HP: 69/69 MP: 18/18
 10285 | D:7      | Learned a level 3 spell: Mephitic Cloud
 10289 | D:7      | Learned a level 3 spell: Ignite Poison
 10425 | D:8      | Found a stormy altar of Qazlal.
 10567 | D:8      | Found a white marble altar of Elyvilon.
 10569 | D:8      | Found a hide-covered altar of Uskayaw.
 10815 | D:8      | Reached skill level 5 in Invocations
 10932 | D:8      | Noticed Psyche
 10934 | D:8      | Paralysed by a hornet for 2 turns
 10940 | D:8      | Killed Psyche
 11249 | D:8      | Found a broken altar of Ashenzari.
 11280 | D:8      | Found a shimmering altar of Xom.
 11839 | D:9      | Noticed Erica
 11861 | D:9      | Killed Erica
 12350 | D:9      | Noticed a two-headed ogre
 12366 | D:9      | Found a flagged portal.
 12367 | D:9      | Killed a two-headed ogre
 12368 | D:9      | Reached skill level 5 in Fire Magic
 12863 | D:10     | Entered Level 10 of the Dungeon
 12932 | D:10     | Reached XP level 11. HP: 74/74 MP: 16/20
 13371 | D:10     | Noticed a tengu warrior
 13401 | D:10     | Killed a tengu warrior
 13402 | D:10     | Reached skill level 5 in Axes
 13571 | D:10     | Identified the +1 leather armour "Tippadu" {rN++}
 13764 | D:10     | Reached skill level 8 in Conjurations
 13823 | D:10     | Found a staircase to the Lair.
 14314 | D:10     | Reached **** piety under Qazlal
 14344 | D:10     | HP: 1/74 [kobold brigand/+1 whip of pain (5)]
 14344 | D:10     | Slain by a kobold brigand

Illustrated notes

Levels and vault maps discovered:
D:1:      wheals_arrival_shading, layout_basic
D:2:      layout_rooms, uniq_jessica, uniq_natasha
D:3:      cheibrodos_greedy_goblins, layout_basic,
          ebering_ecumenical_altar_abandoned, grunt_ministairs_5,
          hangedman_decor_push, kennysheep_flooded_box, uniq_terence,
          uniq_crazy_yiuf_cottage, uniq_grinder
D:4:      layout_basic, serial_shops, nicolae_shop_competitors_out_of_business,
          serial_bayou_lagoon_a
D:5:      kennysheep_windowed_halls, layout_basic,
          chequers_hall_statues_corner_a, uniq_ijyb, uniq_prince_ribbit1
D:6:      layout_basic, minmay_temple_entry_junction,
          nicolae_concentric_dashed_squares_wild, uniq_sigmund
D:7:      cheibrodos_barr_body, layout_rooms, mainiacjoe_overflow_tiny_flanked,
          kennysheep_generic_room_12
D:8:      layout_gridville, chequers_temple_overflow_statue_of_worship,
          amcnicky_altar_gilded, mainiacjoe_overflow_large_starburst,
          minmay_fire_ice_demons, uniq_psyche
D:9:      layout_roguey, enter_bailey_1, nicolae_straight_to_the_point,
          uniq_erica
D:10:     layout_layer_cave, erik_lair_dragon,
          kennysheep_orc_monster_closet_entryway, grunt_decor_resistance,
          nrook_uturn
Temple:   regret_index_temple_sphere_string

Skill      XL: |  1  2  3  4  5  6  7  8  9 10 11 |
---------------+----------------------------------+-----
Stealth        | 2 3 4 5 6 7 |  7.1
Dodging        | 2 3 4 5 6 |  6.5
Air Magic      | 1 2 3 4 5 6 7 |  7.5
Spellcasting   | 3 4 5 6 |  6.6
Conjurations   | 5 6 7 8 |  8.1
Invocations    | 2 3 4 5 6 |  6.4
Axes           | 2 3 4 5 |  5.4
Fire Magic     | 2 3 5 |  5.7

Action                     |  1- 3 |  4- 6 |  7- 9 | 10-12 || total
---------------------------+-------+-------+-------+-------++-------
  Melee: Hand axe          |     7 |    58 |   138 |   199 ||   402
         Tailslap          |     1 |     6 |    32 |    29 ||    68
         Dagger            |       |     2 |    91 |       ||    93
         Punch             |       |       |     1 |     5 ||     6
  Throw: Dart              |       |     3 |     5 |    10 ||    18
         Javelin           |       |       |       |     5 ||     5
   Cast: Magic Dart        |    44 |    68 |    74 |    17 ||   203
         Searing Ray       |     1 |    12 |    30 |    22 ||    65
         Shock             |       |    10 |    19 |    51 ||    80
         Dazzling Flash    |       |     1 |       |     1 ||     2
         Airstrike         |       |       |     2 |     1 ||     3
         Mephitic Cloud    |       |       |       |     3 ||     3
 Invoke: Upheaval          |       |       |     1 |       ||     1
         Elemental Force   |       |       |       |     3 ||     3
Ability: Breathe Steam     |       |       |     2 |     2 ||     4
  Evoke: Wand              |       |     1 |       |       ||     1
    Use: Scroll            |     3 |     5 |    10 |     3 ||    21
         Potion            |       |       |     3 |     2 ||     5
   Stab: Confused          |       |       |       |     1 ||     1
 Armour: Skin              |     3 |    37 |   106 |   153 ||   299
  Dodge: Dodged            |     7 |    68 |   203 |   254 ||   532
  Block: Other             |       |       |    43 |    49 ||    92
